 Dungeon Crawl Stone Soup version 0.24.0-13-gcf9b3192b9 (webtiles) character file.

Game seed: 5802203766768965486, levelgen mode: deterministic

43 Bubonik111 the Chucker (level 3, -2/35 HPs)
             Began as a Troll Hunter on Nov 6, 2019.
             Slain by an orc wizard
             ... wielding a +0 dagger
              (4 damage)
             ... on level 4 of the Dungeon.
             The game lasted 00:10:40 (1158 turns).

Bubonik111 the Chucker (Troll Hunter)               Turns: 1158, Time: 00:10:40

Health: -2/35      AC:  6    Str: 21    XL:     3   Next: 37%
Magic:  2/2        EV: 10    Int:  7    God:
Gold:   43         SH:  0    Dex: 10    Spells: 2/2 levels left

rFire    . . .     SeeInvis .   a - +0 short sword
rCold    . . .     Gourm    +   (no shield)
rNeg     . . .     Faith    .   b - +0 robe
rPois    .         Spirit   .   (helmet restricted)
rElec    .         Reflect  .   (no cloak)
rCorr    .         Harm     .   (gloves unavailable)
MR       .....                  (boots unavailable)
Stlth    +.........             (no amulet)
HPRegen  0.51/turn              (no ring)
MPRegen  0.08/turn              (no ring)

@: no status effects
A: large, unfitting armour, claws 3, fast metabolism 3, gourmand, regeneration
1, shaggy fur 1, tough skin 3
a: no special abilities


You were on level 4 of the Dungeon.
You were full.

You visited 1 branch of the dungeon, and saw 4 of its levels.

You collected 43 gold pieces.

Inventory:

Hand Weapons
 a - a +0 short sword (weapon)
Missiles
 c - 5 large rocks (quivered)
 d - 2 throwing nets
Armour
 b - a +0 robe (worn)
Jewellery
 i - an uncursed ring of poison resistance
Scrolls
 e - a scroll of enchant armour {unknown}
 g - a scroll of teleportation {unknown}
 h - a scroll of identify {unknown}
 j - a scroll of fear {unknown}
 k - a scroll of remove curse {unknown}
 l - a scroll of random uselessness {unknown}
 m - a scroll of blinking {unknown}
 n - a scroll of fog {unknown}
Comestibles
 f - 3 rations


   Skills:
 + Level 2.0 Fighting
 - Level 4.1 Throwing
 + Level 0.6 Armour
 - Level 1.9 Dodging
 - Level 0.4 Stealth
 - Level 0.2 Unarmed Combat


You had 2 spell levels left.
You didn't know any spells.
Your spell library was empty.

Dungeon Overview and Level Annotations

Branches:
Dungeon (4/15)             Temple (0/1) D:4

Altars:
The Shining One


Innate Abilities, Weirdness & Mutations

You are too large for most types of armour.
You have claws for hands.
Your metabolism is lightning-fast.
You like to eat raw meat.
Your natural rate of healing is unusually fast.
You are covered in fur. (AC +1)
You have extremely tough skin. (AC +3)


Message History

You hit the orc wizard.
The orc wizard is almost dead.
The orc wizard barely misses you. x2; The orc hits you but does no damage.
The orc hits you.
You barely miss the orc wizard.
The orc wizard is almost dead.
The orc wizard points at you and mumbles some strange words.
The puff of frost hits you!
* * * LOW HITPOINT WARNING * * *
The orc hits you from afar with a +0 trident.
* * * LOW HITPOINT WARNING * * *
The orc barely misses you. The orc wizard closely misses you.
You barely miss the orc wizard.
The orc wizard is almost dead.
The orc wizard hits you but does no damage.
The orc closely misses you. x2
You closely miss the orc wizard.
The orc wizard is almost dead.
The orc wizard hits you with a +0 dagger.
You die...

#####.##...##...
......##...##...
#.
#..........o.####
#.#
.......>.......
#.# #........$..#
#.# #..##..o##.#
#.# #..##..o##.#
#.# #.?...oo@..#
#.####(###.######
#.##......# #.#
......##### ...
#.###.# .....
#.###.# #......
#...<.# #.......
####### #.......#


You could see an orc wizard and 3 orcs.

Vanquished Creatures
  An ooze (D:1)
  4 dart slugs (D:1)
  5 bats
  2 giant cockroaches (D:1)
  9 hobgoblins
  2 jackals (D:1)
  2 kobolds (D:1)
  2 rats
27 creatures vanquished.

Notes
Turn   | Place    | Note
-------+----------+-------------------------------------------
     0 | D:1      | Bubonik111 the Troll Hunter began the quest for the Orb.
     0 | D:1      | Reached XP level 1. HP: 19/19 MP: 0/0
   278 | D:1      | Reached XP level 2. HP: 21/27 MP: 1/1
   326 | D:1      | Reached skill level 4 in Throwing
   355 | D:1      | Found a glowing golden altar of the Shining One.
   570 | D:1      | Reached XP level 3. HP: 35/35 MP: 2/2
  1133 | D:4      | Found a staircase to the Ecumenical Temple.
  1156 | D:4      | HP: 1/35 [orc/+0 trident (1)]
  1158 | D:4      | Slain by an orc wizard

Levels and vault maps discovered:
D:1:      minmay_arrival_widening_spiral_wide, layout_loops_ring, tso_metal_star
D:2:      cheibrodos_helix_gallery, layout_loops_corners,
          nicolae_dithmenos_shadow_blocks, xom_teletrap_fun
D:3:      cheibrodos_greedy_goblins, layout_loops_corners,
          amethyst_overflow_temple_binary, makhleb_altar_promises_db
D:4:      layout_basic, old_standard_altar, lemuel_crystal_altar,
          cheibriados_altar_1, minmay_temple_entry_stoned_glass

Skill      XL: |  1  2  3 |
---------------+----------+-----
Throwing       | 4 |  4.1
Fighting       | 2 |  2.0
Armour         | |  0.6
Dodging        | |  1.9
Stealth        | |  0.4
Unarmed Combat | |  0.2

Action                   || total
-------------------------++-------
Melee: Short sword       ||    87
       Unarmed           ||    30
  Eat: Chunk             ||    12
Armor: Robe              ||    64
Dodge: Dodged            ||    76
